 Dungeon Crawl Stone Soup version 0.30-a0-310-g7d6cbdfea6 (webtiles) character file.

Game seed: 8036841322073973435

9039 Iusername the Fighter (level 11, -4/102 HPs)
             Began as a Minotaur Fighter on Oct 21, 2022.
             Was an Initiate of Gozag.
             Slain by an orange demon (6 damage)
             ... led by Amaemon
             ... on level 9 of the Dungeon on Oct 24, 2022.
             The game lasted 00:16:08 (11981 turns).

Iusername the Fighter (Minotaur Fighter)           Turns: 11981, Time: 00:16:09

Health: -4/102     AC: 16    Str: 23    XL:     11   Next: 17%
Magic:  10/10      EV:  7    Int:  5    God:    Gozag
Gold:   1409       SH: 16    Dex: 12    Spells: 10/10 levels left

rFire   . . .      SeeInvis .    a - +2 war axe (venom)
rCold   . . .      Faith    .    A - +0 tower shield
rNeg    . . .      Spirit   .    b - +2 scale mail
rPois   .          Reflect  .    (helmet restricted)
rElec   .          Harm     .    r - +0 cloak
rCorr   .          Rampage  .    F - +2 pair of gloves
Will    .....                    (no boots)
Stlth   ..........               (no amulet)
HPRegen 0.37/turn                z - ring of flight
MPRegen 0.12/turn                (no ring)

@: lethally poisoned (-4 -> -44), weakened, flying, slowed, very slow
A: horns 2, retaliatory headbutt
a: Renounce Religion, Potion Petition, Call Merchant, Bribe Branch


You were on level 9 of the Dungeon.
You worshipped Gozag.
Gozag was most pleased with you.
You visited 2 branches of the dungeon, and saw 10 of its levels.

You collected 1474 gold pieces.
You paid 65 gold pieces to Gozag.

Inventory:

Hand Weapons
 a - a +2 war axe of venom (weapon)
Missiles
 j - 5 boomerangs (quivered)
 k - 6 javelins
Armour
 b - a +2 scale mail (worn)
 r - a +0 cloak (worn)
 A - a +0 tower shield (worn)
 F - a +2 pair of gloves (worn)
Jewellery
 c - a ring of poison resistance
 t - a ring of resist corrosion
 z - a ring of flight (left hand)
Wands
 d - a wand of flame (8)
 e - a wand of roots (2)
 h - a wand of charming (28)
 y - a wand of quicksilver (9)
Scrolls
 n - a scroll of magic mapping
 q - a scroll of noise {unknown}
 s - a scroll of vulnerability
 u - 2 scrolls of amnesia
 x - a scroll of silence {unknown}
 C - a scroll of teleportation
 D - a scroll of blinking {unknown}
 E - a scroll of identify
Potions
 f - a potion of ambrosia {unknown}
 g - a potion of invisibility
 i - 2 potions of brilliance
 l - a potion of cancellation
 m - a potion of magic {unknown}
 o - 4 potions of lignification
 v - a potion of resistance
 w - 2 potions of flight
 B - a potion of mutation


   Skills:
 + Level 11.1 Fighting
 + Level 10.7 Axes
 + Level 11.1 Armour
 + Level 11.1 Shields


You had 10 spell levels left.
You didn't know any spells.
Your spell library contained the following spells:

 Spells                   Type           Power      Damage    Failure   Level
 Magic Dart               Conj           0%         1d3       99%         1
 Call Imp                 Summ           0%         N/A       100%        2
 Dazzling Flash           Conj/Hex       0%         N/A       100%        3
 Gell's Gravitas          Tloc           0%         N/A       100%        3
 Lesser Beckoning         Tloc           0%         N/A       100%        3
 Mephitic Cloud           Conj/Pois/Air  0%         N/A       100%        3
 Ozocubu's Armour         Ice            0%         N/A       100%        3
 Teleport Other           Tloc           0%         N/A       100%        3
 Iskenderun's Mystic Bla  Conj/Tloc      0%         2d3       100%        4
 Metabolic Englaciation   Hex/Ice        0%         N/A       100%        5
 Starburst                Conj/Fire      0%         6d3       100%        6
 Simulacrum               Ice/Necr       Unusable   N/A       N/A         6

Dungeon Overview and Level Annotations

Branches:
Dungeon (9/15)             Temple (1/1) D:4            Lair (0/5) D:9
    Orc: D:9-12

Altars:
Ashenzari
Fedhas
Gozag
Zin

Shops:
D:6 (

Annotations:
D:9 Amaemon


Innate Abilities, Weirdness & Mutations

You have a pair of horns on your head.
You reflexively headbutt those who attack you in melee.


Message History

The scorpion looks as sick as possible!
You hit the orange demon.
You feel extremely sick. You block the scorpion's attack.
The scorpion stings you.
You are more poisoned.
You have difficulty breathing.
You feel as though you will be slow longer.
The orange demon stings you but does no damage.
The orange demon hits you but does no damage.
Amaemon hits you with a +0 demon whip of venom!
You are lethally poisoned!
Amaemon claws you but does no damage.
Amaemon tail-slaps you but does no damage.
You block the scorpion's attack. x2
The scorpion stings you but does no damage.
You barely miss Amaemon. You headbutt Amaemon.
Amaemon is severely wounded.
You barely miss the scorpion. You slash the orange demon!
The orange demon looks as sick as possible!
You hit the scorpion.
The scorpion is poisoned.
You hit the scorpion.
You kill the scorpion!
The scorpion's corpse disappears in a puff of smoke!
* * * LOW HITPOINT WARNING * * *
You feel extremely sick. Amaemon hits you but does no damage.
You block Amaemon's attack. x2
You block the orange demon's attack. The orange demon hits you.
* * * LOW HITPOINT WARNING * * *
The scorpion stings you.
* * * LOW HITPOINT WARNING * * *
You are more poisoned.
You have difficulty breathing.
* * * LOW HITPOINT WARNING * * *
You feel as though you will be slow longer.
The scorpion stings you.
* * * LOW HITPOINT WARNING * * *
You are more poisoned.
The scorpion poisons you!
Amaemon points at the scorpion and mumbles some strange words.
The scorpion seems to grow toxic.
The orange demon stings you.
You die...
Your body crumbles into a pile of gold.

###.##........
#.#...........
####..#..........
#.....#..........
###......[......... ##
#..................
#..###......<.........
#...4#§...............
#...6@................
#...s§s...............
#.§.§.................
#..§§.................
#...............
#..............
#.............
#.............


You could see Amaemon (extremely poisoned), an orange demon (curare, extremely
poisoned) and 2 scorpions.

Vanquished Creatures
  2 two-headed ogres
  Pikel (D:7)
  Maggie (D:7)
  A troll (D:9)
  A hornet (D:8)
  Prince Ribbit (D:8)
  Sigmund (D:2)
  12 yaks
  Eustachio (D:5)
  2 steam dragons
  An acid dragon (D:9)
  A water moccasin (D:4)
  Duvessa (D:7)
  An orc warrior (D:7)
  2 ice beasts
  A sky beast (D:7)
  A black bear (D:6)
  An ogre (D:6)
  2 wolves
  2 phantoms
  A lemure (D:7)
  2 bullfrogs (D:7)
  2 gnoll sergeants
  A necrophage (D:5)
  5 scorpions
  19 wights
  Dowan (D:7)
  11 killer bees (D:8)
  A howler monkey (D:4)
  3 electric eels (D:9)
  7 hounds
  2 jellies (D:5)
  3 orc priests
  Crazy Yiuf (D:2)
  A gnoll bouda (D:5)
  Jessica (D:2)
  5 iguanas
  2 orc wizards (D:6)
  6 adders
  11 gnolls
  2 ufetubi
  2 dart slugs
  A worm (D:2)
  19 orcs
  4 ball pythons
  3 endoplasms
  2 giant cockroaches
  4 goblins
  11 hobgoblins
  5 kobolds
  5 bats
  3 frilled lizards
182 creatures vanquished.

Notes
Turn   | Place    | Note
-------+----------+-------------------------------------------
     0 | D:1      | Iusername the Minotaur Fighter began the quest for the Orb.
     0 | D:1      | Reached XP level 1. HP: 19/19 MP: 0/0
   148 | D:1      | Reached XP level 2. HP: 19/27 MP: 1/1
   788 | D:2      | Noticed Jessica
   789 | D:2      | Killed Jessica
   790 | D:2      | Reached XP level 3. HP: 33/33 MP: 2/2
   837 | D:2      | Noticed Sigmund
   852 | D:2      | Killed Sigmund
   853 | D:2      | Reached skill level 5 in Fighting
   853 | D:2      | Reached skill level 5 in Armour
   853 | D:2      | Reached skill level 5 in Shields
   853 | D:2      | Reached XP level 4. HP: 4/42 MP: 3/3
   853 | D:2      | Reached XP level 5. HP: 5/48 MP: 4/4
  1122 | D:2      | Found a blossoming altar of Fedhas.
  1261 | D:2      | Found a runed translucent door.
  1262 | D:2      | Noticed Crazy Yiuf
  1400 | D:2      | Killed Crazy Yiuf
  1401 | D:2      | Reached XP level 6. HP: 37/56 MP: 5/5
  2976 | D:4      | Found a glowing silver altar of Zin.
  3036 | D:4      | Found a staircase to the Ecumenical Temple.
  3065 | Temple   | Entered the Ecumenical Temple
  3083 | Temple   | Became a worshipper of Gozag Ym Sagoz the Greedy
  3433 | D:4      | Reached skill level 5 in Axes
  3433 | D:4      | Reached XP level 7. HP: 54/62 MP: 6/6
  4061 | D:5      | Entered Level 5 of the Dungeon
  4062 | D:5      | Noticed Eustachio
  4365 | D:5      | Killed Eustachio
  5142 | D:5      | Reached XP level 8. HP: 71/71 MP: 7/7
  6565 | D:6      | Found Zusim's Weapon Emporium.
  7038 | D:7      | Noticed Maggie
  7040 | D:7      | Noticed Duvessa
  7045 | D:7      | Noticed Dowan
  7047 | D:7      | Killed Maggie
  7048 | D:7      | Reached XP level 9. HP: 65/81 MP: 8/8
  7049 | D:7      | Killed Duvessa
  7061 | D:7      | Killed Dowan
  7221 | D:7      | Upgraded the game from 0.30-a0-305-g026cb31310 to
                  | 0.30-a0-310-g7d6cbdfea6
  7397 | D:7      | Found a flagged portal.
  8057 | D:7      | Noticed Pikel
  8065 | D:7      | Killed Pikel
  8456 | D:7      | Reached XP level 10. HP: 73/91 MP: 9/9
  8678 | D:7      | Noticed a two-headed ogre
  8686 | D:7      | Killed a two-headed ogre
  9129 | D:8      | Reached skill level 10 in Fighting
  9129 | D:8      | Reached skill level 10 in Armour
  9129 | D:8      | Reached skill level 10 in Shields
  9643 | D:8      | Reached skill level 10 in Axes
 10106 | D:8      | Noticed Prince Ribbit
 10122 | D:8      | Killed Prince Ribbit
 10565 | D:9      | Noticed a two-headed ogre
 10584 | D:8      | Killed a two-headed ogre
 10585 | D:8      | Reached XP level 11. HP: 101/101 MP: 10/10
 11145 | D:9      | Found a staircase to the Lair.
 11970 | D:9      | Noticed Amaemon
 11981 | D:9      | HP: 5/102 [asphyx]
 11981 | D:9      | HP: 2/102 [scorpion[Amaemon] (3)]
 11981 | D:9      | Slain by an orange demon

Illustrated notes

Levels and vault maps discovered:
D:1:      minmay_arrival_four_houses, layout_basic, fountainhead
D:2:      layout_basic, basic_altar, uniq_crazy_yiuf_cottage, uniq_jessica,
          uniq_sigmund
D:3:      layout_basic, minmay_misc_feat_more_columns
D:4:      layout_basic, zin_statuary, minmay_temple_entry_arrows, nicolae_titane
D:5:      layout_layer_cave, uniq_eustachio
D:6:      layout_basic, serial_shops, nicolae_shop_bloodbath_and_beyond,
          lightli_corner_chamber
D:7:      layout_basic, enter_bailey_4, uniq_duvessa, uniq_pikel, uniq_maggie
D:8:      layout_basic, uniq_prince_ribbit1
D:9:      layout_big_octagon, erik_lair_island, guppyfry_shop_venom,
          uniq_amaemon
Temple:   mainiacjoe_temple_circle_huts

Skill      XL: |  1  2  3  4  5  6  7  8  9 10 11 |
---------------+----------------------------------+-----
Fighting       | 4 5 6 8 9 10 11 | 11.1
Shields        | 4 5 6 8 9 10 11 | 11.1
Axes           | 3 4 5 6 7 9 10 | 10.7
Armour         | 4 5 6 8 9 10 11 | 11.1

Action                   |  1- 3 |  4- 6 |  7- 9 | 10-12 || total
-------------------------+-------+-------+-------+-------++-------
Melee: War axe           |    21 |    31 |   190 |   176 ||   418
       Headbutt          |     3 |     4 |    37 |    37 ||    81
Throw: Javelin           |    21 |    36 |       |       ||    57
       Stone             |     1 |     8 |       |       ||     9
       Boomerang         |       |    22 |    50 |       ||    72
  Use: Potion            |     1 |     1 |     6 |     5 ||    13
       Scroll            |       |       |    14 |     5 ||    19
 Stab: Distracted        |       |       |       |     3 ||     3
Armor: Scale mail        |    14 |    25 |   107 |    80 ||   226
       Skin              |       |       |       |     7 ||     7
Dodge: Dodged            |    24 |    28 |    58 |    43 ||   153
Block: Buckler           |     4 |    10 |    28 |       ||    42
       Tower shield      |       |       |    79 |   178 ||   257

Table legend: (Time is in decaauts)
 A = Elapsed time spent in this place.
 B = Non-inter-level travel time spent in this place.
 C = Inter-level travel time spent in this place.
 D = Time resting spent in this place.
 E = Time spent auto-exploring this place.
 F = Levels seen in this place.
 G = Mean time per level.
                   A        B        C        D        E       F      G
               +--------+--------+--------+--------+--------+-----+--------+
         Total |  12194 |  12026 |    168 |   4402 |   6160 |  10 | 1219.4 |
       Dungeon |  12163 |  12010 |    153 |   4402 |   6150 |   9 | 1351.4 |
        Temple |     30 |     15 |     15 |      0 |     10 |   1 |   30.0 |
               +--------+--------+--------+--------+--------+-----+--------+

Top non-repeatable levels by time:
     D:7: 2026 daAuts
     D:8: 2023 daAuts
     D:4: 1849 daAuts
     D:5: 1822 daAuts
     D:3: 1043 daAuts
     D:9: 1036 daAuts
     D:6: 910 daAuts
     D:2: 733 daAuts
     D:1: 716 daAuts
  Temple: 30 daAuts
